 Dungeon Crawl Stone Soup version 0.22.1-1-ga44c0e5 (webtiles) character file.

43 Spongiform the Shield-Bearer (level 3, -3/33 HPs)
             Began as a Minotaur Fighter on Sept 30, 2018.
             Slain by a gnoll
             ... wielding a +0 flail
              (12 damage)
             ... on level 3 of the Dungeon.
             The game lasted 00:07:33 (939 turns).

Spongiform the Shield-Bearer (Minotaur Fighter)      Turns: 939, Time: 00:07:36

Health: -3/33      AC:  7    Str: 21    XL:     3   Next: 37%
Magic:  2/2        EV:  7    Int:  5    God:
Gold:   156        SH:  9    Dex:  9    Spells: 2/2 levels left

rFire    . . .     SeeInvis .   a - +0 war axe
rCold    . . .     Gourm    .   c - +0 shield
rNeg     . . .     Faith    .   b - +0 scale mail
rPois    .         Spirit   .   (helmet restricted)
rElec    .         Reflect  .   (no cloak)
rCorr    .         Harm     .   (no gloves)
MR       .....                  (no boots)
Stlth    ..........             (no amulet)
HPRegen  0.11/turn              (no ring)
MPRegen  0.08/turn              (no ring)

@: no status effects
A: retaliatory headbutt, horns 2
a: no special abilities


You were on level 3 of the Dungeon.
You were not hungry.

You visited 1 branch of the dungeon, and saw 3 of its levels.

You collected 156 gold pieces.

Inventory:

Hand Weapons
 a - a +0 war axe (weapon)
Armour
 b - a +0 scale mail (worn)
 c - a +0 shield (worn)
Jewellery
 g - a +6 amulet of reflection {unknown}
Scrolls
 h - a scroll of fear {unknown}
 j - a scroll of noise {unknown}
 k - a scroll of enchant weapon {unknown}
 m - a scroll of immolation {unknown}
 o - a scroll of random uselessness {unknown}
 q - a scroll of remove curse {unknown}
 r - a scroll of identify {unknown}
Potions
 d - a potion of might
 e - 3 potions of curing {unknown}
 i - 2 potions of haste {unknown}
 l - 2 potions of heal wounds {unknown}
 n - a potion of brilliance {unknown}
 p - a potion of lignification {unknown}
 s - a potion of flight {unknown}
Comestibles
 f - 4 rations


   Skills:
 + Level 3.9 Fighting
 + Level 3.2 Axes
 + Level 4.1 Armour
 + Level 0.5 Dodging
 + Level 4.1 Shields


You had 2 spell levels left.
You didn't know any spells.
Your spell library was empty.

Dungeon Overview and Level Annotations

Branches:
Dungeon (3/15)

Altars:
Nemelex Xobeh

Annotations:
D:3 Sigmund


Innate Abilities, Weirdness & Mutations

You reflexively headbutt those who attack you in melee.
You have a pair of horns on your head.


Message History

You hit the gnoll.
You kill the gnoll!
You completely miss the gnoll. You block the gnoll's attack.
The gnoll hits you but does no damage.
You hit the gnoll.
The gnoll is heavily wounded.
You closely miss the gnoll.
Sigmund mumbles some strange words.
Sigmund flickers and vanishes!
Deactivating autopickup; reactivate with Ctrl-A.
You block the gnoll's attack. x2; The adder bites you but does no damage.
The gnoll hits you with a whip.
You completely miss the gnoll.
The gnoll is heavily wounded.
Your shield prevents you from hitting the adder.
You hit the gnoll. The gnoll hits you with a flail!
* * * LOW HITPOINT WARNING * * *
You block the adder's attack. You block the gnoll's attack.
The gnoll hits you with a flail!
You die...

.. ..# ### .!.## #.. ...##.#
.....## . #..{)#### ..
#.Sgg...# #..# #..
#)@###.#### #... . ..
######..........#####.#.
...#.#......######...........
............# #..........
###.#......# #.........
#........# #........
####.#..## #........ #.....#
#######........
####..###.....#.....##.


You could see 2 gnolls and an adder.

Vanquished Creatures
  A gnoll (D:3)
  A worm (D:2)
  2 dart slugs
  2 giant cockroaches
  4 goblins
  3 hobgoblins
  4 kobolds
  A quokka (D:3)
  2 bats (D:1)
  4 frilled lizards
  2 rats (D:1)
26 creatures vanquished.

Notes
Turn   | Place    | Note
-------+----------+-------------------------------------------
     0 | D:1      | Spongiform the Minotaur Fighter began the quest for the
                  | Orb.
     0 | D:1      | Reached XP level 1. HP: 19/19 MP: 0/0
   178 | D:1      | Reached XP level 2. HP: 27/27 MP: 1/1
   209 | D:1      | You fall through a shaft!
   552 | D:2      | Found a sparkling altar of Nemelex Xobeh.
   866 | D:3      | Reached XP level 3. HP: 31/33 MP: 2/2
   936 | D:3      | Noticed Sigmund
   939 | D:3      | Slain by a gnoll

Skill      XL: |  1  2 |
---------------+-------+-----
Axes           | 3 |  3.2
Shields        | 4 |  4.1
Armour         | 4 |  4.1
Fighting       | |  3.9
Dodging        | |  0.5

Action                   || total
-------------------------++-------
Melee: War axe           ||    61
       Headbutt          ||     8
Armor: Scale mail        ||    41
Dodge: Dodged            ||    23
Block: Shield            ||    35
